 Dungeon Crawl Stone Soup version 0.21-a0-460-g737a915 (webtiles) character file.

100 Fester123 the Ruffian (level 4, -9/44 HPs)
             Began as a Troll Berserker on Nov 20, 2017.
             Was a Priest of Trog.
             Mangled by a gnoll
             ... wielding a +0 spear
              (12 damage)
             ... on level 3 of the Dungeon.
             The game lasted 00:07:04 (1060 turns).

Fester123 the Ruffian (Troll Berserker)             Turns: 1060, Time: 00:07:04

Health: -9/44      AC:  5    Str: 26    XL:     4   Next: 46%
Magic:  3/3        EV: 10    Int:  3    God:    Trog [***...]
Gold:   49         SH:  0    Dex:  9    Spells: 3/3 levels left

rFire    . . .     SeeInvis .     - Unarmed
rCold    . . .     Gourm    +   (no shield)
rNeg     . . .     Faith    .   a - +0 animal skin
rPois    .         Spirit   .   (helmet restricted)
rElec    .         Reflect  .   (no cloak)
rCorr    .         Harm     .   (gloves unavailable)
MR       .....                  (boots unavailable)
Stlth    +.........             (no amulet)
HPRegen  0.54/turn              (no ring)
MPRegen  0.08/turn              (no ring)

@: no status effects
A: unfitting armour, claws 3, fast metabolism 3, gourmand, regeneration 1,
shaggy fur 1, tough skin 2
a: Berserk, Trog's Hand, Burn Spellbooks, Renounce Religion


You were on level 3 of the Dungeon.
You worshipped Trog.
Trog was most pleased with you.
You were near starving.

You visited 1 branch of the dungeon, and saw 3 of its levels.

You collected 49 gold pieces.

Inventory:

Hand Weapons
 d - a +0 club
 g - a +0 short sword
 j - a +0 whip
 k - a +0 club
 n - a +0 dagger
 o - a +0 mace
 p - a +0 club
 q - a +0 club
 r - a +0 hunting sling
Missiles
 h - 23 poisoned needles
 i - 77 stones (quivered)
Armour
 a - a +0 animal skin (worn)
 e - a +0 robe
 m - a +0 robe
 u - a +0 chain mail
Potions
 c - 2 potions of degeneration
 l - 2 potions of curing {unknown}
 t - a potion of heal wounds {unknown}
Comestibles
 b - 2 bread rations
 f - a royal jelly
 s - 3 fruits


   Skills:
 + Level 2.9 Fighting
 + Level 3.1 Dodging
 + Level 4.3 Unarmed Combat


You had 3 spell levels left.
You didn't know any spells.

Dungeon Overview and Level Annotations

Branches:
Dungeon (3/15)

Altars:
Elyvilon


Innate Abilities, Weirdness & Mutations

You are too large for most types of armour.
You have claws for hands.
Your metabolism is lightning-fast.
You like to eat raw meat.
Your natural rate of healing is unusually fast.
You are covered in fur. (AC +1)
You have very tough skin. (AC +2)


Message History

You barely miss the kobold. The gnoll closely misses you.
The kobold barely misses you.
You closely miss the kobold. You claw the kobold.
You kill the kobold!
Trog accepts your kill. The gnoll hits you with a spear!
The gnoll hits you with a spear!
You hear a shout!
Things that are here:
a whip; a kobold corpse You scratch the gnoll.
The gnoll is lightly wounded.
The gnoll hits you with a spear!
* * * LOW HITPOINT WARNING * * *
The gnoll hits you with a spear.
* * * LOW HITPOINT WARNING * * *
You scratch the gnoll.
The gnoll is moderately wounded.
The gnoll hits you with a spear!
You die...

#.# #.# #..#.# ##.#.#.#
#'##8.$.8# #<.#.# .....#.#
..##.....## #..#.# #...#.#
..#8.....8## #..#.## ##...#.#
..##.....###.#..... .....#.#
..##8...8##.....#.# #....# ..#
##_## #......#######....####
..########## #..@g...............
.....#.#.#.###############...####
####.#.................# ####....
####.#.....###########.# .#..
..†........# #.# .# #
####<#.....# .. #.# .. .
..##.#.....# ... #.# ## #
..##.#.....#.... #.#
..##.#.....#... #.#


You could see a gnoll (berserk).

Vanquished Creatures
  Robin (D:2)
  An adder (D:3)
  An ooze (D:3)
  A worm (D:2)
  2 dart slugs (D:3)
  3 giant cockroaches
  8 goblins
  14 hobgoblins
  12 jackals
  A quokka (D:2)
  7 bats
  A frilled lizard (D:1)
  4 kobolds
  4 rats
60 creatures vanquished.

Notes
Turn   | Place    | Note
-------+----------+-------------------------------------------
     0 | D:1      | Fester123 the Troll Berserker began the quest for the Orb.
     0 | D:1      | Reached XP level 1. HP: 22/22 MP: 0/0
   196 | D:1      | Reached XP level 2. HP: 29/29 MP: 1/1
   519 | D:2      | Reached ** piety under Trog
   525 | D:2      | Noticed Robin
   529 | D:2      | Killed Robin
   529 | D:2      | Reached XP level 3. HP: 34/36 MP: 2/2
   628 | D:2      | Reached skill level 4 in Unarmed Combat
   628 | D:2      | Reached XP level 4. HP: 43/44 MP: 3/3
   800 | D:3      | Found a white marble altar of Elyvilon.
   809 | D:3      | Reached *** piety under Trog
  1060 | D:3      | Mangled by a gnoll

Vault maps used:
D:1:      minmay_arrival_solitary_statue
D:2:      small_statue_intersection, minivault_25, minmay_misc_feat_diagonals,
          uniq_robin
D:3:      nicolae_overflow_hidden_temple, first_bread

Skill      XL: |  1  2  3 |
---------------+----------+-----
Dodging        | 3 |  3.1
Unarmed Combat | 4 |  4.3
Fighting       | |  2.9

Action                   |  1- 3 |  4- 6 || total
-------------------------+-------+-------++-------
Melee: Unarmed           |   101 |    29 ||   130
       Punch             |       |     2 ||     2
  Use: Scroll            |     2 |       ||     2
  Eat: Bread ration      |     1 |       ||     1
       Fruit             |       |     1 ||     1
Armor: Animal skin       |    65 |    12 ||    77
Dodge: Dodged            |    97 |    28 ||   125

Table legend:
 A = Spawn XP
 B = Non-spawn XP
 C = Spawn XP percentage of total XP
 D = Spawn monster count
 E = Non-spawn monster count
 F = Spawn count percentage of total count
 G = Total turns spent on level
                    A         B        C        D         E        F      G
               +---------+---------+-------+---------+---------+-------+---------
         Total |       0 |     143 |   0.0 |       0 |      60 |   0.0 |  1060
               +---------+---------+-------+---------+---------+-------+---------
           D:1 |       0 |      37 |   0.0 |       0 |      21 |   0.0 |   505
           D:2 |       0 |      68 |   0.0 |       0 |      29 |   0.0 |   161
           D:3 |       0 |      38 |   0.0 |       0 |      10 |   0.0 |   394
               +---------+---------+-------+---------+---------+-------+---------
